 Dungeon Crawl Stone Soup version 0.19.0-2-gae57169 (webtiles) character file.

833 thirtiethelement the Skirmisher (level 7, -5/53 HPs)
             Began as an Octopode Wanderer on Nov 6, 2016.
             Was an Initiate of Ashenzari.
             Slain by DevlanMud's ghost (18 damage)
             ... on level 4 of the Dungeon.
             The game lasted 00:18:47 (3043 turns).

thirtiethelement the Skirmisher (Octopode Wanderer) Turns: 3043, Time: 00:18:48

Health: -5/53      AC:  1    Str: 13    XL:     7   Next: 98%
Magic:  16/16      EV: 16    Int: 14    God:    Ashenzari [......]
Gold:   133        SH:  5    Dex: 12    Spells: 0 memorised, 6 levels left

rFire  . . .     SeeInvis .     k - +3 dagger (protect) (curse)
rCold  . . .     Gourm    .     (no shield)
rNeg   . . .     Faith    .     (helmet restricted)
rPois  .         Spirit   .     i - +5 amulet of reflection (curse)
rElec  .         Reflect  +     m - ring of wizardry (curse)
rCorr  .         Harm     .     t - +3 ring of evasion
MR     .....                    u - ring of magical power
Stlth  +++.......               (no ring)
                                (no ring)
                                (no ring)
                                (no ring)
                                (no ring)

@: no status effects
A: almost no armour, stealthy swim, amphibious, 8 rings, constrict 8, camouflage
1, gelatinous body 1
a: Curse Item, Renounce Religion


You were on level 4 of the Dungeon.
You worshipped Ashenzari.
Ashenzari was noncommittal.
You were not hungry.

You visited 1 branch of the dungeon, and saw 4 of its levels.

You collected 133 gold pieces.

Inventory:

Hand Weapons
 b - a +0 shortbow
 e - a +0 blowgun
 k - a cursed +3 dagger of protection (weapon)
 q - a +6 scythe of slicing
Missiles
 c - 95 arrows
 d - 12 poisoned needles
 l - 5 javelins (quivered)
Jewellery
 i - a cursed +5 amulet of reflection (around mantle)
 m - a cursed ring of wizardry (left tentacle)
 t - a +3 ring of evasion (right tentacle)
 u - a ring of magical power (on tentacle)
Wands
 p - a wand of digging (8/24)
Scrolls
 g - 2 scrolls of fear
 w - a scroll of identify
Potions
 j - 3 potions of cure mutation
 o - a potion of resistance
 r - a potion of might
 s - a potion of invisibility {unknown}
 v - a potion of berserk rage {unknown}
Comestibles
 a - a meat ration
 f - 3 bread rations
 n - a royal jelly


   Skills:
 + Level 6.8 Fighting
 * Level 5.4 Short Blades
   Level 2.1 Maces & Flails
   Level 1.0 Crossbows
 + Level 2.1 Throwing
 + Level 2.5 Dodging
 + Level 4.0 Stealth
 + Level 1.1 Evocations


You had 6 spell levels left.
You didn't know any spells.

Dungeon Overview and Level Annotations

Branches:
Dungeon (4/15)
 Temple: D:4-7

Altars:
Ashenzari
Fedhas

Annotations:
D:4 DevlanMud's ghost, amateur HOFi


Innate Abilities, Weirdness & Mutations

You cannot wear most types of armour.
You are very stealthy in the water. (Stealth+)
You are amphibious.
You can wear up to eight rings at the same time.
You can use your tentacles to constrict eight enemies at once.
Your skin changes colour to match your surroundings (Stealth+).
Your rubbery body absorbs attacks. (AC +1, EV +1)


Message History

You hit DevlanMud's ghost but do no damage.
DevlanMud's ghost is severely damaged.
You hit DevlanMud's ghost but do no damage.
DevlanMud's ghost is severely damaged.
DevlanMud's ghost hits you!
You hit DevlanMud's ghost but do no damage.
DevlanMud's ghost is severely damaged.
You block DevlanMud's ghost's attack.
You feel agile all of a sudden. DevlanMud's ghost hits you!
* * * LOW HITPOINT WARNING * * *
DevlanMud's ghost barely misses you. DevlanMud's ghost closely misses you.
There is a stone staircase leading down here.
DevlanMud's ghost keens inconsolably.
There is an escape hatch in the ceiling here.
There is an open door here.
You feel a little less agile now. DevlanMud's ghost hits you!!
You die...

#<# #.# #.# #.# ###### #.#
#....# #.# #############....#
#.#
#..........##÷...######.######
#...........(@W..'...<........
#..........##....######.######
#..........##....# #.# #
#..........##....######'######
#..........##....#....)......#
#...(......##....#....†......#
#..........#######...........#
#.....†....# #...........#
#....†.....# #...........#


You could see DevlanMud's ghost.

Vanquished Creatures
  Sigmund (D:4)
  The ghost of thirtiethelement the Charmwright, an amateur OpWn of Qazlal (D:3)
  Purgy (D:4)
  2 phantoms
  A bullfrog (D:3)
  2 hounds (D:4)
  A worker ant (D:4)
  5 adders
  3 dart slugs
  2 leopard geckos
  2 orcs
  A ball python (D:4)
  4 giant cockroaches
  9 goblins
  4 hobgoblins
  16 jackals
  7 kobolds
  4 quokkas
  5 bats
  6 frilled lizards
  6 rats
83 creatures vanquished.

Notes
Turn   | Place    | Note
-------+----------+-------------------------------------------
     0 | D:1      | thirtiethelement the Octopode Wanderer began the quest for the Orb.
     0 | D:1      | thirtiethelement set off with: a +2 mace, a +0 shortbow, 26 arrows, 12 poisoned needles, a +0 blowgun, a bread ration
     0 | D:1      | Reached XP level 1. HP: 18/18 MP: 1/1
    39 | D:1      | Reached XP level 2. HP: 10/24 MP: 2/2
   213 | D:1      | Found a shattered altar of Ashenzari.
   238 | D:1      | Became a worshipper of Ashenzari the Shackled
   436 | D:1      | Reached XP level 3. HP: 16/30 MP: 3/3
   937 | D:2      | Reached skill level 6 in Fighting
   937 | D:2      | Reached skill level 1 in Stealth
  1087 | D:2      | Found a blossoming altar of Fedhas.
  1168 | D:2      | Reached XP level 4. HP: 33/36 MP: 4/4
  1680 | D:3      | Noticed a phantom
  1711 | D:3      | Killed a phantom
  1711 | D:3      | Reached XP level 5. HP: 29/41 MP: 5/5
  1802 | D:3      | Noticed thirtiethelement's ghost (amateur OpWn)
  1829 | D:3      | Killed thirtiethelement's ghost
  1829 | D:3      | Reached skill level 1 in Dodging
  1829 | D:3      | Reached XP level 6. HP: 25/47 MP: 6/6
  2471 | D:4      | Noticed Sigmund
  2475 | D:4      | Killed Sigmund
  2475 | D:4      | Reached XP level 7. HP: 53/53 MP: 7/7
  2607 | D:4      | Noticed Purgy
  2630 | D:4      | Killed Purgy
  2678 | D:4      | Reached skill level 5 in Short Blades
  2978 | D:4      | Noticed DevlanMud's ghost (amateur HOFi)
  3043 | D:4      | Slain by DevlanMud's ghost

Skill      XL: |  1  2  3  4  5  6  7 |
---------------+----------------------+-----
Fighting       | 6 |  6.8
Stealth        | 1 2 3 4 |  4.0
Short Blades   | 2 3 4 5 |  5.4
Dodging        | 1 2 |  2.5
Throwing       | 2 |  2.1
Maces & Flails | |  2.1
Crossbows      | |  1.0
Evocations     | |  1.1

Action                   |  1- 3 |  4- 6 |  7- 9 || total
-------------------------+-------+-------+-------++-------
Melee: Mace              |    50 |       |       ||    50
       Constrict         |    19 |    14 |     6 ||    39
       Tentacles         |     9 |    15 |    11 ||    35
       Dagger            |    22 |    85 |   116 ||   223
Throw: Javelin           |       |    12 |     7 ||    19
Invok: Curse Item        |     1 |     1 |     1 ||     3
  Use: Scroll            |     3 |     3 |     2 ||     8
       Potion            |       |     1 |     2 ||     3
 Stab: Sleeping          |     3 |     6 |     1 ||    10
  Eat: Bread ration      |     1 |     1 |       ||     2
Armor: Skin              |     7 |    21 |    64 ||    92
Dodge: Dodged            |    43 |    51 |    49 ||   143
Block: Other             |     1 |    14 |    29 ||    44
